 Dungeon Crawl Stone Soup version 0.29.0-11-gd7f09526c8 (webtiles) character file.

Game seed: 9434366427931394220

79 VictoriousLee the Firebug (level 4, -1/30 HPs)
             Began as a Formicid Fire Elementalist on Sept 5, 2022.
             Killed by divine providence
             ... invoked by an orc priest
              (11 damage)
             ... on level 3 of the Dungeon.
             The game lasted 00:09:57 (2763 turns).

VictoriousLee the Firebug (FoFE)                    Turns: 2763, Time: 00:09:58

Health: -1/30      AC:  2    Str: 13    XL:     4   Next: 64%
Magic:  5/7        EV: 12    Int: 16    God:
Gold:   76         SH:  0    Dex: 14    Spells: 4/7 levels left

rFire   . . .      SeeInvis +   g - +0 flail
rCold   . . .      Faith    .   (no shield)
rNeg    . . .      Spirit   .   a - +0 robe
rPois   .          Reflect  .   (helmet unavailable)
rElec   .          Harm     .   (no cloak)
rCorr   .          Rampage  .   (no gloves)
Will    .....                   (no boots)
Stlth   +.........              (no amulet)
HPRegen 0.10/turn               (no ring)
MPRegen 0.10/turn               (no ring)

@: confused
A: permanent stasis, dig shafts and tunnels, antennae 3, four strong arms
a: Dig, Shaft Self


You were on level 3 of the Dungeon.
You visited 1 branch of the dungeon, and saw 3 of its levels.

You collected 76 gold pieces.

Inventory:

Hand Weapons
 g - a +0 flail (weapon)
 j - a +0 dagger
 t - a +0 war axe
Missiles
 d - 6 atropa-tipped darts
 w - 3 silver boomerangs
Armour
 a - a +0 robe (worn)
 f - a +0 ring mail
 n - a +0 leather armour
 q - a scarf of harm
 r - a +0 scale mail
Magical Staves
 p - a staff of cold
Scrolls
 c - 2 scrolls of amnesia {unknown}
 e - 4 scrolls of immolation
 h - a scroll of enchant weapon {unknown}
 i - a scroll of fear {unknown}
 k - a scroll of noise {unknown}
 l - a scroll of acquirement {unknown}
 m - 2 scrolls of identify {unknown}
 o - a scroll of teleportation {unknown}
 v - a scroll of poison {unknown}
Potions
 b - a potion of magic
 s - a potion of brilliance {unknown}
 u - a potion of flight {unknown}


   Skills:
 - Level 1.7 Dodging
 - Level 2.4 Stealth
 - Level 2.1 Spellcasting
 - Level 0.8 Conjurations
 + Level 4.6 Fire Magic
 + Level 2.2 Poison Magic


You had 4 spell levels left.
You knew the following spells:

 Your Spells              Type           Power      Damage    Failure   Level
a - Foxfire               Conj/Fire      40%        2x1d6     7%          1
s - Scorch                Fire           32%        2d7       4%          2

Your spell library contained the following spells:

 Spells                   Type           Power      Damage    Failure   Level
 Conjure Flame            Conj/Fire      10%        6-21      21%         3
 Ignite Poison            Fire/Tmut/Pois 9%         N/A       24%         3
 Inner Flame              Hex/Fire       9%         N/A       24%         3
 Mephitic Cloud           Conj/Pois/Air  5%         N/A       38%         3
 Flame Wave               Conj/Fire      10%        2d6       54%         4
 Freezing Cloud           Conj/Ice/Air   1%         6-21      99%         5


Dungeon Overview and Level Annotations

Branches:
Dungeon (3/15)

Altars:

Shops:
D:3 :


Innate Abilities, Weirdness & Mutations

You cannot be hasted, slowed, berserked, paralysed or teleported.
You can dig through walls and to a lower floor.
You have a pair of large antennae on your head. (SInv)
Your four strong arms can wield two-handed weapons with a shield.


Message History

You feel less confused. The orc wizard misses you.
As you read the scroll labelled WOTRES PUEVAI, it crumbles to dust.
The creatures around you are filled with an inner flame!
It was a scroll of immolation.
The orc wizard barely misses you.
The orc wizard gestures at you while chanting.
You resist with some effort.
The orc wizard gestures wildly while chanting.
The orc wizard flickers and vanishes for a moment.
The orc wizard attacks as you move away!
The orc wizard hits you with a +3 dagger of speed.
The orc wizard gestures at you while chanting.
You resist with some effort.
The orc wizard points at you and mumbles some strange words.
You resist with some effort. The orc wizard casts a spell at you.
The puff of flame misses you.
The orc wizard gestures at you while chanting.
The puff of flame hits you.
The orc priest shouts!
Casting: Foxfire (safe; 7% risk of failure)
Press: ? - help, Q - select action, (/) - cycle Dir - look around, f - activate
Okay, then.
The orc wizard points at you and mumbles some strange words.
The magic dart hits you.
The orc wizard gestures wildly while chanting.
The orc wizard flickers and vanishes for a moment.
The orc wizard casts a spell at you.
You are confused.
The orc priest casts a cantrip, but nothing happens.
The orc wizard casts a spell at you.
The orc wizard resists with some effort.
The orc wizard casts a spell at you.
You are more confused.
The orc wizard misses you.
The orc priest looks braver for a moment.
You are too confused!
The orc priest invokes the aid of Beogh against you.
Beogh smites you!
You die...

################### #########
.......#........@.# #........#
.......#.......o..# #........#
.......#......o...#####........##
..>.......))..o..................
..###......#......#####........#
...#.......o####### #.........
.o.........o# #..........
.......o#.†.# #######....#....
.........##.... ...........#....


You could see an orc priest, 3 orc wizards and an orc (inner flame).

Vanquished Creatures
  A gnoll (D:1)
  An adder (D:2)
  4 orcs
  4 ball pythons
  5 endoplasms
  5 giant cockroaches
  A goblin (D:1)
  6 hobgoblins
  9 bats
  6 frilled lizards
  5 kobolds
  8 rats
55 creatures vanquished.

Vanquished Creatures (others)
  132 foxfires
132 creatures vanquished.

Grand Total: 187 creatures vanquished

Notes
Turn   | Place    | Note
-------+----------+-------------------------------------------
     0 | D:1      | VictoriousLee the Formicid Fire Elementalist began the
                  | quest for the Orb.
     0 | D:1      | Reached XP level 1. HP: 13/13 MP: 3/3
   108 | D:1      | Reached XP level 2. HP: 19/19 MP: 0/5
   373 | D:1      | Reached skill level 4 in Fire Magic
   373 | D:1      | Reached XP level 3. HP: 24/24 MP: 1/6
  1455 | D:2      | Reached skill level 1 in Poison Magic
  1455 | D:2      | Reached XP level 4. HP: 19/30 MP: 3/7
  1991 | D:2      | Found a faded altar of an unknown god.
  2586 | D:3      | Found Paim Iqa's Book Shoppe.
  2606 | D:3      | Learned a level 2 spell: Scorch
  2763 | D:3      | Killed from afar by an orc priest

Illustrated notes

Levels and vault maps discovered:
D:1:      dpeg_arrival_rhombi, layout_rooms
D:2:      layout_loops_corners, basic_ecumenical_altar, grunt_ministairs_3
D:3:      layout_basic, serial_shops, nicolae_shop_trees,
          minmay_misc_feat_secret_circle, kennysheep_minor_cross, uniq_ijyb

Skill      XL: |  1  2  3  4 |
---------------+-------------+-----
Fire Magic     | 4 |  4.6
Poison Magic   | 1 2 |  2.2
Dodging        | |  1.7
Stealth        | |  2.4
Spellcasting   | |  2.1
Conjurations   | |  0.8

Action                   |  1- 3 |  4- 6 || total
-------------------------+-------+-------++-------
Melee: Unarmed           |     2 |       ||     2
       Flail             |     8 |    13 ||    21
 Cast: Foxfire           |    49 |    35 ||    84
  Use: Scroll            |       |     1 ||     1
 Stab: Sleeping          |       |     1 ||     1
Armor: Robe              |     5 |     7 ||    12
Dodge: Dodged            |    20 |    24 ||    44
